Map: Port Aleksander LE

Players

BratOK (Brat_OK)

  • Race: Terran Terran
  • Spawn Location: 11:00

Snute - Winner!

  • Race: Zerg Zerg
  • Spawn Location: 5:00

Event: IEM Season 13: Katowice (2019)

VOD

Have the link to the VOD?

Description

Time

  • Played on: Feb. 25, 2019, 4:55 a.m.
  • Length: 5:36

All games in this series

Show
View Real Time Build Order
Export as new Build Order

BratOK Terran 

Build Orders: Liberator Opening, Reaper Expand 

Get SALT Encoding   

  12  0:00  SCV  
  13  0:13  SCV  
  14  0:18  Supply Depot  
  14  0:25  SCV  
  15  0:39  SCV  
  15  0:40  Barracks  
  16  0:45  Refinery  
  16  0:51  SCV  
  17  1:03  SCV  
  18  1:16  SCV  
  19  1:28  Reaper, Orbital Command  
  20  1:42  Command Center  
  20  1:50  Supply Depot  
  20  1:54  SCV  
  21  1:59  Marine  
  22  2:05  Factory  
  22  2:09  SCV  
  22  2:13  Refinery  
  23  2:22  Barracks Reactor  
  23  2:23  SCV  
  24  2:45  SCV  
  25  3:02  SCV  
  25  3:03  Starport  
  26  3:06  Hellion x2  
  26  3:07  Orbital Command  
  30  3:13  Barracks Reactor  
  30  3:15  SCV  
  31  3:28  SCV, Hellion  
  31  3:29  Hellion  
  31  3:34  SCV  
  37  3:37  Liberator  
  37  3:39  Supply Depot  
  37  3:43  SCV  
  37  3:44  Liberator  
  38  3:51  SCV  
  38  3:54  Hellion x2  
  49  4:03  SCV x2, Supply Depot  
  51  4:15  SCV  
  51  4:16  Hellion  
  54  4:18  Armory  
  54  4:25  Hellion  
  54  4:30  Supply Depot  
  56  4:32  SCV x2  
  56  4:37  Viking  
  60  4:44  SCV  
  61  4:53  Command Center  
  61  4:57  SCV x2  
  61  4:58  Hellion x2  
Show
View Real Time Build Order
Export as new Build Order

Snute Zerg - Winner!

Build Orders: Pool First 

Get SALT Encoding   

  12  0:00  Drone  
  13  0:12  Overlord  
  13  0:18  Drone  
  14  0:30  Drone x2  
  14  0:34  Drone  
  17  0:45  Spawning Pool  
  17  0:49  Drone  
  17  1:10  Hatchery  
  16  1:12  Drone  
  16  1:15  Drone  
  19  1:18  Drone  
  19  1:20  Extractor  
  18  1:31  Queen  
  20  1:34  Zergling x2  
  20  1:39  Overlord  
  21  1:49  Drone  
  22  2:00  Drone  
  23  2:07  Queen  
  25  2:11  Drone  
  26  2:20  Metabolic Boost  
  26  2:22  Queen  
  28  2:23  Drone  
  28  2:26  Drone  
  30  2:32  Drone  
  30  2:34  Drone  
  32  2:39  Drone x2  
  32  2:40  Drone  
  34  2:46  Overlord  
  34  2:47  Drone  
  35  2:55  Overlord  
  35  2:58  Drone  
  36  3:06  Drone x2  
  38  3:17  Drone x3  
  38  3:19  Hatchery  
  40  3:21  Drone x2  
  40  3:24  Extractor  
  41  3:31  Roach Warren  
  40  3:34  Overlord  
  40  3:35  Drone  
  40  3:36  Zergling x2  
  40  3:38  Zergling x2  
  43  3:41  Drone  
  43  3:42  Drone  
  43  3:47  Overlord  
  45  4:06  Overlord  
  45  4:12  Roach x5  
  45  4:13  Roach x2  
  45  4:16  Roach  
  61  4:18  Zergling x2  
  61  4:23  Zergling x2  
  61  4:24  Zergling x6  
  66  4:30  Roach  
  68  4:34  Roach  
  68  4:37  Zergling x2, Spore Crawler  
  70  4:41  Zergling x8  
  70  4:44  Overlord  
  74  4:46  Zergling x2  
  75  4:53  Zergling x10  
  75  4:57  Overlord  
  80  5:00  Spore Crawler  
  80  5:05  Zergling x8  
  83  5:13  Zergling x2  

Tags
 
Add a new tag
Caveats
  • Supply blocks, unpowered buildings, or Contaminate may cause inaccurate times.
  • Supply counts are checked every 10 seconds.